 Dungeon Crawl Stone Soup version 0.30-a0-462-gd5975efbca (webtiles) character file.

Game seed: 13084457395329575675

1356 Juicyj the Spear-Bearer (level 8, -1/103 HPs)
             Began as a Minotaur Fighter on Dec 16, 2022.
             Was an Initiate of Okawaru.
             Succumbed to a gnoll's poison
             ... on level 6 of the Dungeon.
             The game lasted 00:09:03 (4619 turns).

Juicyj the Spear-Bearer (Minotaur Fighter)          Turns: 4619, Time: 00:09:03

Health: -1/103     AC: 16    Str: 22      XL:     8   Next: 37%
Magic:  7/7        EV:  8    Int:  5      God:    Okawaru [......]
Gold:   276        SH:  4    Dex:  5 (7)  Spells: 7/7 levels left

rFire   + . .      SeeInvis .    j - +1 spear (flame)
rCold   . . .      Faith    .    c - +0 buckler
rNeg    . . .      Spirit   .    k - +2 chain mail {rF+}
rPois   .          Reflect  .    (helmet restricted)
rElec   .          Harm     .    (no cloak)
rCorr   .          Rampage  .    (no gloves)
Will    .....                    (no boots)
Stlth   ..........               (no amulet)
HPRegen 0.37/turn                h - +4 ring of protection
MPRegen 0.10/turn                (no ring)

@: berserking (expiring), lethally poisoned (-1 -> -31), very quick
A: horns 2, retaliatory headbutt, clumsy 2, deterioration 1
a: Renounce Religion


You were on level 6 of the Dungeon.
You worshipped Okawaru.
Okawaru was noncommittal.
You visited 1 branch of the dungeon, and saw 6 of its levels.

You collected 276 gold pieces.

Inventory:

Hand Weapons
 a - a +0 trident
 j - a +1 spear of flaming (weapon)
 n - a +6 spectral club
 y - a +2 quarterstaff of chaos
Armour
 b - a +1 scale mail
 c - a +0 buckler (worn)
 k - a +2 chain mail of fire resistance (worn)
Jewellery
 e - a ring of fire
 h - a +4 ring of protection (left hand)
 t - a +6 ring of strength
Wands
 q - a wand of roots (7)
 r - a wand of mindburst (3)
Scrolls
 l - a scroll of fog
 o - a scroll of teleportation
Potions
 d - 4 potions of might
 f - a potion of brilliance
 g - 4 potions of curing
 i - a potion of magic
 m - a potion of degeneration
 u - a potion of mutation


   Skills:
 + Level 5.5 Fighting
 + Level 8.0 Polearms
 + Level 7.6 Armour
 + Level 2.1 Dodging
 + Level 0.9 Stealth
 + Level 5.6 Shields


You had 7 spell levels left.
You didn't know any spells.
Your spell library contained the following spells:

 Spells                   Type           Power      Damage    Failure   Level
 Magic Dart               Conj           0%         1d3       99%         1
 Slow                     Hex            0%         N/A       99%         1
 Cigotuvi's Dreadful Rot  Necr/Pois/Air  0%         N/A       100%        2
 Poisonous Vapours        Pois/Air       0%         N/A       100%        2
 Confusing Touch          Hex            0%         N/A       100%        3
 Mephitic Cloud           Conj/Pois/Air  0%         N/A       100%        3
 Vampiric Draining        Necr           0%         2d6       100%        3
 Call Imp                 Summ           Unusable   N/A       N/A         2

Dungeon Overview and Level Annotations

Branches:
Dungeon (6/15)
 Temple: D:4-7

Altars:
Elyvilon
Okawaru

Annotations:
D:6 1 transporter, cforsyth's ghost, novice TrFi


Innate Abilities, Weirdness & Mutations

You have a pair of horns on your head.
You reflexively headbutt those who attack you in melee.
You are very clumsy. (Dex -4)
Your body sometimes deteriorates upon taking damage.


Message History

You feel a strong urge to attack something.
You feel sick. The gnoll hits you but does no damage.
You are more poisoned.
The gnoll bouda calls upon its god to heal the gnoll sergeant.
The gnoll sergeant is healed somewhat.
The gnoll sergeant barely misses you. You furiously retaliate!
You headbutt the gnoll sergeant!
You hear a shout!
You puncture the gnoll sergeant! You burn the gnoll sergeant.
You kill the gnoll sergeant!
Okawaru accepts your kill.
* * * LOW HITPOINT WARNING * * *
You feel sick.
Your Polearms skill increases to level 8!
* * * LOW HITPOINT WARNING * * *
You feel sick. The gnoll closely misses you. You furiously retaliate!
You headbutt the gnoll!
You kill the gnoll!
Okawaru accepts your kill.
You feel your intelligence returning.
There is a transporter landing site here.
You feel a strong urge to attack something.
* * * LOW HITPOINT WARNING * * *
You feel sick.
The gnoll hits you from afar with a +0 halberd of venom.
* * * LOW HITPOINT WARNING * * *
You are more poisoned.
You hit the gnoll sergeant. You burn the gnoll sergeant.
The gnoll sergeant is moderately wounded.
* * * LOW HITPOINT WARNING * * *
You feel sick.
The gnoll hits you from afar with a +2 halberd of venom.
* * * LOW HITPOINT WARNING * * *
You are more poisoned.
You are too berserk!
You are too berserk!
You closely miss the gnoll sergeant.
Cforsyth's ghost turns its malevolent gaze towards you.
The gnoll sergeant blocks your attack.
The gnoll sergeant is moderately wounded.
You die...

.#[≈≈≈≈≈≈≈≈≈≈≈...≈≈≈≈≈≈≈≈≈≈≈.# #.
.#.≈≈≈≈≈≈≈≈≈≈≈...≈≈≈≈≈≈≈≈≈≈≈.###.
.#.≈≈#####...........#####≈≈...#.
...≈≈#.#.#.###.©.###.#.#.#≈≈.#...
.#.≈≈#...###.#####g###...#≈≈.###.
.#.≈≈###.......g.......###≈≈.###.
.#.≈≈.8#.######g###'##.#8.≈≈.##..
.#.≈≈.##.#.g.#8..#...#.##.≈≈/.#.#
...~~.#..'g.:#⌠©@gg..'..#.~~....#
.#.≈≈.##.#..g#8).#...#.##.≈≈....#
.#.≈≈.8#.######'###'##.#8.≈≈.#.##
.#.≈≈###...g..W........###≈≈.#.#
.#.≈≈#...###g#####©###...#≈≈.#.#
.#.≈≈#g#.#.###.©.###.#.#.#≈≈.#.#
.#.≈≈#####...........#####≈≈.#.#
.#.≈≈≈≈≈≈≈≈≈≈≈≈~≈≈≈≈≈≈≈≈≈≈≈≈...#
.#.≈≈≈≈≈≈≈≈≈≈≈≈~≈≈≈≈≈≈≈≈≈≈≈≈..##


You could see a gnoll sergeant, cforsyth's ghost and 3 gnolls.

Vanquished Creatures
  2 black bears (D:5)
  An ogre (D:4)
  2 phantoms
  A gnoll sergeant (D:6)
  A necrophage (D:4)
  A bullfrog (D:6)
  A scorpion (D:6)
  4 wights (D:6)
  Crazy Yiuf (D:5)
  3 hounds
  A gnoll bouda (D:6)
  3 iguanas (D:5)
  Jessica (D:3)
  Natasha (thrice) (D:2)
  Terence (D:2)
  5 gnolls (D:6)
  3 adders
  2 shadow imps (D:6)
  An ufetubus (D:6)
  2 dart slugs
  4 orcs
  5 ball pythons
  5 endoplasms
  2 giant cockroaches
  10 goblins
  4 hobgoblins
  8 jackals
  A quokka (D:1)
  A bat (D:1)
  5 frilled lizards (D:2)
  6 kobolds
  4 rats
94 creatures vanquished.

Vanquished Creatures (others)
  6 plants (D:6)
6 creatures vanquished.

Grand Total: 100 creatures vanquished

Notes
Turn   | Place    | Note
-------+----------+-------------------------------------------
     0 | D:1      | Juicyj the Minotaur Fighter began the quest for the Orb.
     0 | D:1      | Reached XP level 1. HP: 19/19 MP: 0/0
   391 | D:1      | Reached XP level 2. HP: 21/27 MP: 1/1
   948 | D:2      | Reached XP level 3. HP: 33/33 MP: 2/2
  1007 | D:2      | Reached skill level 3 in Polearms
  1051 | D:2      | Noticed Natasha
  1060 | D:2      | Killed Natasha
  1112 | D:2      | Noticed Natasha
  1195 | D:2      | Identified a scroll of acquirement
  1195 | D:2      | Acquired a +4 ring of protection
  1202 | D:2      | Killed Natasha
  1203 | D:2      | Reached XP level 4. HP: 39/40 MP: 3/3
  1209 | D:2      | Noticed Terence
  1224 | D:2      | Killed Terence
  1537 | D:2      | Noticed Natasha
  1542 | D:2      | Killed Natasha
  1543 | D:2      | Reached skill level 5 in Armour
  1673 | D:3      | Reached XP level 5. HP: 47/47 MP: 4/4
  1722 | D:3      | Reached skill level 4 in Polearms
  1882 | D:3      | Found a faded altar of an unknown god.
  2044 | D:3      | Noticed Jessica
  2047 | D:3      | Killed Jessica
  2369 | D:4      | Reached skill level 1 in Dodging
  2369 | D:4      | Reached XP level 6. HP: 52/53 MP: 5/5
  2459 | D:4      | Reached skill level 5 in Polearms
  2868 | D:5      | Entered Level 5 of the Dungeon
  3020 | D:5      | Reached XP level 7. HP: 51/60 MP: 6/6
  3086 | D:5      | Reached skill level 6 in Polearms
  3098 | D:5      | Reached skill level 5 in Fighting
  3249 | D:5      | Found a runed translucent door.
  3250 | D:5      | Noticed Crazy Yiuf
  3257 | D:5      | Killed Crazy Yiuf
  3380 | D:6      | Reached skill level 5 in Shields
  3382 | D:6      | Reached skill level 7 in Polearms
  3573 | D:6      | Found a transporter.
  3658 | D:6      | Reached XP level 8. HP: 31/68 MP: 7/7
  3780 | D:6      | Gained mutation: You are clumsy. (Dex -2) [potion of
                  | mutation]
  3780 | D:6      | Gained mutation: Your body sometimes deteriorates upon
                  | taking damage. [potion of mutation]
  3780 | D:6      | Gained mutation: You are very clumsy. (Dex -4) [potion of
                  | mutation]
  4102 | D:6      | Found an iron altar of Okawaru.
  4124 | D:6      | Became a worshipper of Warmaster Okawaru
  4170 | D:6      | Noticed cforsyth's ghost (novice TrFi)
  4195 | D:6      | Identified the +0 scale mail of Webenefe {SInv}
  4197 | D:6      | Found a transporter.
  4413 | D:6      | Found a white marble altar of Elyvilon.
  4616 | D:6      | Reached skill level 8 in Polearms
  4618 | D:6      | HP: 5/103 [poisoned by a gnoll]
  4618 | D:6      | HP: 1/103 [gnoll/+2 halberd of venom (4)]
  4619 | D:6      | Succumbed to a gnoll's poison

Illustrated notes

Levels and vault maps discovered:
D:1:      lightli_arrival_chessboard, layout_loops_cross, serial_bayou_lagoon_a,
          supply_closet_lemuel, serial_bayou_pond_a
D:2:      layout_basic, uniq_natasha, uniq_terence
D:3:      layout_loops_cross, shapermc_ecumenical_altar_notcrosses, uniq_jessica
D:4:      layout_basic, minmay_misc_feat_secret_circle
D:5:      layout_rooms, uniq_crazy_yiuf_cottage
D:6:      layout_basic, kennysheep_mini_moat, kennysheep_okawaru_gauntlet,
          gammafunk_ghost_gnarly_gnolls

Skill      XL: |  1  2  3  4  5  6  7  8 |
---------------+-------------------------+-----
Shields        | 4 5 |  5.6
Armour         | 4 5 6 7 |  7.6
Fighting       | 4 5 |  5.5
Polearms       | 3 4 5 7 8 |  8.0
Dodging        | 1 2 |  2.1
Stealth        | |  0.9

Action                   |  1- 3 |  4- 6 |  7- 9 || total
-------------------------+-------+-------+-------++-------
Melee: Trident           |    12 |       |       ||    12
       Spear             |    63 |   129 |   149 ||   341
       Headbutt          |    10 |    19 |    23 ||    52
  Use: Scroll            |     5 |     1 |     6 ||    12
       Potion            |     1 |       |     7 ||     8
Armor: Scale mail        |    15 |     6 |       ||    21
       Chain mail        |       |    36 |    79 ||   115
Dodge: Dodged            |    18 |    18 |    44 ||    80
Block: Buckler           |    10 |    13 |    21 ||    44

Table legend: (Time is in decaauts)
 A = Elapsed time spent in this place.
 B = Non-inter-level travel time spent in this place.
 C = Inter-level travel time spent in this place.
 D = Time resting spent in this place.
 E = Time spent auto-exploring this place.
 F = Levels seen in this place.
 G = Mean time per level.
                   A        B        C        D        E       F      G
               +--------+--------+--------+--------+--------+-----+--------+
         Total |   4594 |   4425 |    169 |    640 |   3094 |   6 |  765.7 |
       Dungeon |   4594 |   4425 |    169 |    640 |   3094 |   6 |  765.7 |
               +--------+--------+--------+--------+--------+-----+--------+

Top non-repeatable levels by time:
     D:6: 1301 daAuts
     D:2: 861 daAuts
     D:1: 773 daAuts
     D:4: 649 daAuts
     D:3: 594 daAuts
     D:5: 414 daAuts
